 Dungeon Crawl Stone Soup version 0.30-a0-949-g53dc5368d7 (webtiles) character file.

Game seed: 6121027707765030536

40 Dirtsage the Slasher (level 3, -1/29 HPs)
             Began as a Demonspawn Fighter on Mar 27, 2023.
             Slain by a gnoll
             ... wielding a +0 spear
              (3 damage)
             ... on level 2 of the Dungeon.
             The game lasted 00:02:20 (1107 turns).

Dirtsage the Slasher (Demonspawn Fighter)           Turns: 1107, Time: 00:02:21

Health: -1/29      AC:  6    Str: 16    XL:     3   Next: 30%
Magic:  3/3        EV:  9    Int:  9    God:
Gold:   27         SH:  0    Dex: 16    Spells: 2/2 levels left

rFire   . . .      SeeInvis .    a - +0 long sword
rCold   . . .      Faith    .    (no shield)
rNeg    . . .      Spirit   .    b - +0 scale mail
rPois   .          Reflect  .    (no helmet)
rElec   .          Rampage  .    (no cloak)
rCorr   .                        (no gloves)
Will    .....                    (no boots)
Stlth   +                        (no amulet)
HPRegen 0.24/turn                (no ring)
MPRegen 0.08/turn                (no ring)

@: no status effects
A: thin skeletal structure 1, demonic touch 1
a: no special abilities


You were on level 2 of the Dungeon.
You visited 1 branch of the dungeon, and saw 2 of its levels.

You collected 27 gold pieces.

Inventory:

Hand Weapons
 a - a +0 long sword (weapon)
Armour
 b - a +0 scale mail (worn)
 c - a +0 buckler
 j - a +0 pair of gloves
Jewellery
 W - a ring of wizardry
Scrolls
 f - a scroll of amnesia {unknown}
 g - 4 scrolls of identify {unknown}
 i - a scroll of teleportation {unknown}
 l - a scroll of torment {unknown}
 n - a scroll of fear {unknown}
Potions
 d - a potion of might
 e - 2 potions of heal wounds {unknown}
 h - a potion of haste {unknown}
 k - a potion of ambrosia {unknown}
 m - 2 potions of curing {unknown}


   Skills:
 - Level 3.0 Fighting
 + Level 3.4 Long Blades
 - Level 2.6 Armour
 - Level 2.6 Shields


You had 2 spell levels left.
You didn't know any spells.
Your spell library contained the following spells:

 Spells                   Type           Power      Damage    Failure   Level
 Magic Dart               Conj           0%         1d3       82%         1
 Slow                     Hex            0%         N/A       82%         1
 Call Imp                 Summ           0%         N/A       91%         2
 Confusing Touch          Hex            0%         N/A       99%         3
 Mephitic Cloud           Conj/Pois/Air  0%         N/A       99%         3
 Vampiric Draining        Necr           0%         2d6       99%         3


Dungeon Overview and Level Annotations

Branches:
Dungeon (2/15)

Altars:


Innate Abilities, Weirdness & Mutations

You have a somewhat thin skeletal structure. (Dex +2, Stealth+)
Your touch may inflict minor irresistible damage on your foes.


Message History

You kill the kobold!
The endoplasm freezes you.
You are frozen.
You take 4 damage, and have 24/29 hp.
You slash the endoplasm!
You kill the endoplasm!
You closely miss the ball python.
You touch the ball python.
You kill the ball python!
The gnoll hits you from afar with a +0 spear.
You take 5 damage, and have 19/29 hp.
You closely miss the frilled lizard. Your touch misses the frilled lizard.
The gnoll closely misses you. The frilled lizard misses you.
You slash the frilled lizard!
You kill the frilled lizard!
The gnoll hits you from afar with a +0 spear.
The gnoll closely misses you.
You take 3 damage, and have 17/29 hp.
You swing at nothing.
The gnoll hits you but does no damage.
You hit the dart slug.
The dart slug is heavily wounded.
The gnoll hits you but does no damage.
The dart slug bites you but does no damage.
You hit the dart slug but do no damage.
You touch the dart slug.
You kill the dart slug!
The gnoll hits you from afar with a +0 spear.
You take 2 damage, and have 15/29 hp.
You swing at nothing.
The gnoll hits you from afar with a +0 spear. x2
* * * LOW HITPOINT WARNING * * *
You take 7 damage, and have 8/29 hp.
MASSIVE DAMAGE!!
You swing at nothing.
The gnoll hits you from afar with a +0 spear.
* * * LOW HITPOINT WARNING * * *
You take 5 damage, and have 3/29 hp.
You swing at nothing.
The gnoll hits you from afar with a +0 spear.
* * * LOW HITPOINT WARNING * * *
You take 1 damage, and have 2/29 hp.
The gnoll hits you with a +0 spear.
You die...

##.# ...# #.# #..# #.#
### #..# ##.## .. #..#
###...### ..
#..####........ .# .
#.......##...# )# ⌠.#
#.#########.#####.#.⌠⌠?#
#.<..(........!)@..#
###########...###g.#
###.# ..... #.# ...#...
#.# ....... #.# ..#....
#.# .##.#$. #.# .# ##.


You could see a gnoll.

Vanquished Creatures
  A worm (D:2)
  2 dart slugs
  A ball python (D:2)
  7 endoplasms
  A giant cockroach (D:2)
  2 goblins
  5 hobgoblins
  2 kobolds
  4 quokkas
  2 frilled lizards
  A rat (D:1)
28 creatures vanquished.

Notes
Turn   | Place    | Note
-------+----------+-------------------------------------------
     0 | D:1      | Dirtsage the Demonspawn Fighter began the quest for the
                  | Orb.
     0 | D:1      | Reached XP level 1. HP: 18/18 MP: 1/1
   168 | D:1      | Gained mutation: You have a somewhat thin skeletal
                  | structure. (Dex +2, Stealth+) [demonic ancestry]
   168 | D:1      | Reached XP level 2. HP: 24/24 MP: 2/2
   645 | D:1      | Found a faded altar of an unknown god.
  1014 | D:2      | Gained mutation: Your touch may inflict minor irresistible
                  | damage on your foes. [demonic ancestry]
  1014 | D:2      | Reached XP level 3. HP: 29/29 MP: 3/3
  1107 | D:2      | Slain by a gnoll

Illustrated notes

Levels and vault maps discovered:
D:1:      lemuel_arrival_behind_the_door_small, layout_basic,
          hellmonk_ecumenical_altar_run_dry, wad_floor_pattern_untrapped,
          minivault_23, solitary_fountain
D:2:      layout_loops_ring, corexii_item_surrounded_by_moat,
          minmay_tetromino_l4

Skill      XL: |  1  2 |
---------------+-------+-----
Long Blades    | 2 3 |  3.4
Fighting       | |  3.0
Armour         | |  2.6
Shields        | |  2.6

Action                     || total
---------------------------++-------
  Melee: Long sword        ||    79
         Touch             ||     4
   Stab: Sleeping          ||     1
 Armour: Scale mail        ||    31
  Dodge: Dodged            ||    31
  Block: Buckler           ||    18

Table legend: (Time is in decaauts)
 A = Elapsed time spent in this place.
 B = Non-inter-level travel time spent in this place.
 C = Inter-level travel time spent in this place.
 D = Time resting spent in this place.
 E = Time spent auto-exploring this place.
 F = Levels seen in this place.
 G = Mean time per level.
                   A        B        C        D        E       F      G
               +--------+--------+--------+--------+--------+-----+--------+
         Total |   1132 |   1125 |      7 |      0 |    917 |   2 |  566.0 |
       Dungeon |   1132 |   1125 |      7 |      0 |    917 |   2 |  566.0 |
               +--------+--------+--------+--------+--------+-----+--------+

Top non-repeatable levels by time:
     D:1: 962 daAuts
     D:2: 170 daAuts
